 Dungeon Crawl Stone Soup version 0.19-a0-1740-g0bcaf2e (webtiles) character file.

79 Amnesiac the Cudgeler (level 4, -8/49 HPs)
             Began as an Ogre Monk on Oct 1, 2016.
             Killed by divine providence
             ... invoked by an orc priest
              (10 damage)
             ... on level 3 of the Dungeon.
             The game lasted 00:01:29 (1939 turns).

Amnesiac the Cudgeler (Ogre Monk)                   Turns: 1939, Time: 00:01:30

Health: -8/49      AC:  4    Str: 16    XL:     4   Next: 38%
Magic:  4/4        EV: 11    Int:  9    God:
Gold:   129        SH:  0    Dex: 13    Spells: 0 memorised, 3 levels left

rFire  . . .     SeeInvis .     a - +0 mace
rCold  . . .     Gourm    .     b - +0 robe
rNeg   . . .     Faith    .     (no shield)
rPois  .         Spirit   .     (helmet restricted)
rElec  .         Dismiss  .     h - +0 cloak
rCorr  .         Reflect  .     (gloves unavailable)
MR     .....     Harm     .     (boots unavailable)
Stlth  ++........               (no amulet)
                                (no ring)
                                (no ring)

@: no status effects
A: unfitting armour, tough skin 1
a: no special abilities


You were on level 3 of the Dungeon.
You were hungry.

You visited 1 branch of the dungeon, and saw 3 of its levels.

You collected 129 gold pieces.

Inventory:

Hand Weapons
 a - a +0 mace (weapon)
Armour
 b - a +0 robe (worn)
 h - a +0 cloak (worn)
Jewellery
 n - an uncursed ring of protection from fire {unknown}
Scrolls
 d - a scroll of random uselessness {unknown}
 f - a scroll of fog {unknown}
 i - a scroll of enchant weapon {unknown}
 k - 2 scrolls of remove curse {unknown}
 p - a scroll of immolation {unknown}
Potions
 e - a potion of resistance {unknown}
 j - a potion of degeneration {unknown}
 o - 2 potions of curing {unknown}
 q - a potion of haste {unknown}
Comestibles
 c - a bread ration
 g - 3 fruits
 l - a beef jerky
 m - a chunk of flesh


   Skills:
 + Level 4.5 Fighting
 * Level 5.4 Maces & Flails
 + Level 3.4 Dodging
 - Level 1.5 Stealth


You had 3 spell levels left.
You didn't know any spells.

Dungeon Overview and Level Annotations

Branches:
Dungeon (3/15)

Altars:

Annotations:
D:3 Natasha


Innate Abilities, Weirdness & Mutations

You are too large for most types of armour.
You have tough skin. (AC +1)


Message History

You closely miss the centaur.
The centaur is heavily wounded.
The frilled lizard closely misses you. The frilled lizard misses you.
The centaur completely misses you. The hobgoblin hits you with a club.
* * * LOW HITPOINT WARNING * * *
The orc barely misses you. The frilled lizard closely misses you.
An orc comes into view. It is wielding a short sword.
The centaur wields an uncursed shortbow.
The centaur shoots an arrow.
The arrow barely misses you. The orc hits you but does no damage.
The orc shouts!
Some of the chunks of flesh in your inventory have rotted away.
The orc priest mumbles some strange prayers to Beogh against you.
Beogh smites you!
* * * LOW HITPOINT WARNING * * *
The frilled lizard barely misses you.
Unknown command.
The orc priest mumbles some strange prayers to Beogh against you.
Beogh smites you!
You die...

#####..........
.........................
.......bo........##.....#
........................##.
.......o...#.....#......r..
.......o...#...>#........#
........ooo..............#
......<.olr.............#
.$.....col@..(.รท...<...#
.......hg...........####
..........(.............
...........#........###..
#####.##............#
......##..########
###.####...# # .$.## #..##


You could see a centaur, 2 orc priests, Natasha, 6 orcs, a quokka, a hobgoblin,
a bat and 2 frilled lizards.

Vanquished Creatures
  3 adders (D:2)
  2 dart slugs (D:1)
  2 leopard geckos (D:1)
  5 bats
  3 giant cockroaches
  6 hobgoblins
  2 jackals (D:1)
  A quokka (D:2)
  3 frilled lizards
  7 goblins
  6 kobolds
  6 rats
46 creatures vanquished.

Notes
Turn   | Place    | Note
-------+----------+-------------------------------------------
     0 | D:1      | Amnesiac the Ogre Monk began the quest for the Orb.
     0 | D:1      | Reached XP level 1. HP: 24/24 MP: 1/1
   231 | D:1      | Reached XP level 2. HP: 6/32 MP: 2/2
   698 | D:1      | Reached XP level 3. HP: 31/39 MP: 3/3
  1049 | D:2      | Reached skill level 5 in Maces & Flails
  1267 | D:2      | Reached XP level 4. HP: 32/49 MP: 4/4
  1929 | D:3      | Noticed a centaur
  1935 | D:3      | Noticed Natasha
  1938 | D:3      | HP: 2/49 [orc priest/divine providence (12)]
  1939 | D:3      | Killed from afar by an orc priest

Vault maps used:
D:1:      lemuel_arrival_river_ford, serial_glass, glass_columns_b,
          glass_columns_a, glass_columns_c, glass_columns_c
D:2:      grunt_decor_cap
D:3:      gammafunk_temple_overflow_elements, minmay_misc_feat_columns,
          uniq_purgy, uniq_natasha, uniq_crazy_yiuf_cottage, uniq_terence,
          uniq_iyjb

Skill      XL: |  1  2  3 |
---------------+----------+-----
Dodging        | 3 |  3.4
Maces & Flails | 5 |  5.4
Fighting       | |  4.5
Stealth        | |  1.5

Action                   |  1- 3 |  4- 6 || total
-------------------------+-------+-------++-------
Melee: Mace              |   133 |    40 ||   173
 Stab: Sleeping          |     4 |       ||     4
  Eat: Chunk             |     1 |     2 ||     3
Armor: Robe              |    55 |    12 ||    67
Dodge: Dodged            |    90 |    32 ||   122
